 Dungeon Crawl Stone Soup version 0.29-a0-284-gf9362112df (webtiles) character file.

Game seed: 13084766833781441249

107 rabbitsville the Sneak (level 4, 0/22 HPs)
             Began as a Spriggan Brigand on Mar 15, 2022.
             Killed by divine providence
             ... invoked by an orc priest
              (11 damage)
             ... on level 3 of the Dungeon.
             The game lasted 00:13:46 (3492 turns).

rabbitsville the Sneak (Spriggan Brigand)           Turns: 3492, Time: 00:13:47

Health: 0/22       AC:  3    Str:  7    XL:     4   Next: 57%
Magic:  5/5        EV: 16    Int: 12    God:
Gold:   102        SH:  0    Dex: 18    Spells: 3/3 levels left

rFire   . . .      SeeInvis +   a - +2 dagger
rCold   . . .      Faith    .   (no shield)
rNeg    . . .      Spirit   .   b - +0 robe
rPois   .          Reflect  .   (helmet restricted)
rElec   .          Harm     .   c - +0 cloak
rCorr   .          Rampage  .   (gloves unavailable)
Will    .....                   (boots unavailable)
Stlth   ++++......              (no amulet)
HPRegen 0.07/turn               (no ring)
MPRegen 0.09/turn               (no ring)

@: very quick
A: very small, no large weapons, unfitting armour, see invisible, speed 3
a: no special abilities


You were on level 3 of the Dungeon.
You visited 1 branch of the dungeon, and saw 3 of its levels.

You collected 102 gold pieces.

Inventory:

Hand Weapons
 a - a +2 dagger (weapon)
Missiles
 d - 5 poisoned darts (quivered)
 e - 3 curare-tipped darts
 j - 3 silver boomerangs
Armour
 b - a +0 robe (worn)
 c - a +0 cloak (worn)
Scrolls
 f - a scroll of noise {unknown}
 g - 5 scrolls of identify {unknown}
 h - a scroll of amnesia
 i - 2 scrolls of teleportation {unknown}
 k - a scroll of enchant armour {unknown}
Potions
 l - a potion of mutation {unknown}
 m - a potion of heal wounds {unknown}


   Skills:
 - Level 1.5 Fighting
 + Level 3.2 Short Blades
 * Level 3.7 Throwing
 - Level 1.3 Dodging
 + Level 6.8 Stealth


You had 3 spell levels left.
You didn't know any spells.
Your spell library contained the following spells:

 Spells                   Type           Power      Damage    Failure   Level
 Magic Dart               Conj           0%         1d3       32%         1
 Slow                     Hex            0%         N/A       32%         1
 Searing Ray              Conj           0%         2d4       45%         2
 Confusing Touch          Hex            0%         N/A       69%         3
 Ozocubu's Armour         Ice            0%         N/A       69%         3
 Vampiric Draining        Necr           0%         2d6       69%         3
 Fulminant Prism          Conj/Hex       0%         3d6       97%         4
 Metabolic Englaciation   Hex/Ice        0%         N/A       100%        5
 Simulacrum               Ice/Necr       0%         N/A       100%        6


Dungeon Overview and Level Annotations

Branches:
Dungeon (3/15)

Altars:

Annotations:
D:3 3 runed translucent doors, AttackTheMoon's ghost, weakling OpWn


Innate Abilities, Weirdness & Mutations

You are very small and have problems with some larger weapons.
You are too small for most types of armour.
You have supernaturally acute eyesight. (SInv)
You cover ground extremely quickly. (Speed+++)


Message History

Press: ? - help, Q - select action, (/) - cycle Shift-Dir - straight line, f/p - orc
Aim: an orc, wielding a +0 trident (62% to hit)
You throw a poisoned dart. The poisoned dart hits the orc!
The orc looks as sick as possible!
The orc is almost dead.
You kill the orc!
Throw: 7 darts (poison)
Press: ? - help, Q - select action, (/) - cycle Shift-Dir - straight line, f/p - orc
Aim: an orc, wielding a +0 trident (62% to hit)
You throw a poisoned dart.
The poisoned dart closely misses the orc.
The orc priest shouts!
Throw: 6 darts (poison)
Press: ? - help, Q - select action, (/) - cycle Shift-Dir - straight line, f/p - orc
Aim: an orc, wielding a +0 trident (62% to hit)
You throw a poisoned dart. The poisoned dart hits the orc.
Unknown command.
The orc closely misses you.
You barely miss the orc. The orc closely misses you.
You barely miss the orc. The orc closely misses you.
You closely miss the orc. You completely miss the orc.
The orc completely misses you.
You hit the orc.
The orc is heavily wounded.
The orc barely misses you.
You barely miss the orc.
The orc is heavily wounded.
The orc misses you.
You closely miss the orc.
The orc is heavily wounded.
The orc priest mumbles some strange prayers to Beogh against you.
Beogh smites you! The orc barely misses you.
Okay, then.
As you read the scroll labelled POLOFYCYMO, it crumbles to dust.
It is a scroll of amnesia.
You feel forgetful for a moment.
The orc priest mumbles some strange prayers to Beogh against you.
Beogh smites you!
Ouch! That really hurt!
You die...

# ###.##...>......#
####...............#
.##.............(..#
.#....#########...##
...#..#l......#..#####
......#..#.#..#...)(.#
..##..#.$.#..l+..###(#
#..#..#W:....J+.o.##.#
##....#...#.Wg+.@.##.#
###...#..#.#.g#.o....# #
#...#.......#...##.#####
#...#########...##.....##
##......................##
#.......................#
##..##.#..........()....#
##.##.#................#
#.....................#


You could see an iguana, an orc priest, AttackTheMoon's ghost, an orc, an
endoplasm and 2 hobgoblins.

Vanquished Creatures
  A gnoll (D:2)
  5 adders
  3 orcs (D:3)
  4 goblins
  6 hobgoblins
  8 jackals
  3 kobolds
  A quokka (D:3)
  5 ball pythons
  5 bats
  3 frilled lizards
  7 rats
51 creatures vanquished.

Notes
Turn   | Place    | Note
-------+----------+-------------------------------------------
     0 | D:1      | rabbitsville the Spriggan Brigand began the quest for the
                  | Orb.
     0 | D:1      | Reached XP level 1. HP: 10/10 MP: 2/2
    63 | D:1      | Found a faded altar of an unknown god.
   291 | D:1      | Reached skill level 6 in Stealth
   527 | D:1      | Reached XP level 2. HP: 9/14 MP: 3/3
  1358 | D:2      | Reached XP level 3. HP: 3/18 MP: 4/4
  2843 | D:2      | Reached XP level 4. HP: 22/22 MP: 5/5
  3246 | D:3      | Found a runed translucent gate.
  3353 | D:3      | Found a runed translucent gate.
  3354 | D:3      | Found a runed translucent gate.
  3356 | D:3      | Noticed AttackTheMoon's ghost (weakling OpWn)
  3492 | D:3      | Killed from afar by an orc priest

Illustrated notes

Levels and vault maps discovered:
D:1:      lemuel_arrival_behind_the_door_large, layout_loops_corners,
          hellmonk_ecumenical_altar_lost_god
D:2:      layout_basic, minmay_fractal_squares_gapless_5
D:3:      layout_rooms, gammafunk_ghost_split

Skill      XL: |  1  2  3 |
---------------+----------+-----
Stealth        | 6 |  6.8
Throwing       | 3 |  3.7
Short Blades   | 3 |  3.2
Fighting       | |  1.5
Dodging        | |  1.3

Action                   |  1- 3 |  4- 6 || total
-------------------------+-------+-------++-------
Melee: Dagger            |    97 |    54 ||   151
       Punch             |       |     2 ||     2
Throw: Dart              |    17 |    21 ||    38
  Use: Potion            |     1 |       ||     1
       Scroll            |       |     1 ||     1
 Stab: Sleeping          |    11 |     1 ||    12
       Distracted        |     1 |       ||     1
Armor: Robe              |    10 |     8 ||    18
Dodge: Dodged            |    65 |    46 ||   111

Table legend: (Time is in decaauts)
 A = Elapsed time spent in this place.
 B = Non-inter-level travel time spent in this place.
 C = Inter-level travel time spent in this place.
 D = Time resting spent in this place.
 E = Time spent auto-exploring this place.
 F = Levels seen in this place.
 G = Mean time per level.
                   A        B        C        D        E       F      G
               +--------+--------+--------+--------+--------+-----+--------+
         Total |   2586 |   2484 |    102 |    926 |    581 |   3 |  862.0 |
       Dungeon |   2586 |   2484 |    102 |    926 |    581 |   3 |  862.0 |
               +--------+--------+--------+--------+--------+-----+--------+

Top non-repeatable levels by time:
     D:2: 1145 daAuts
     D:1: 1031 daAuts
     D:3: 409 daAuts
